 Dungeon Crawl Stone Soup version 0.24-a0-789-g35933f4585 (webtiles) character file.

Game seed: 11616296236577637464, levelgen mode: deterministic

905 Gargoyl the Chopper (level 7, 0/60 HPs)
             Began as a Centaur Abyssal Knight on Oct 10, 2019.
             Was a Priest of Lugonu.
             Slain by a crimson imp (3 damage)
             ... on level 5 of the Dungeon.
             The game lasted 00:07:33 (4133 turns).

Gargoyl the Chopper (Centaur Abyssal Knight)        Turns: 4133, Time: 00:07:33

Health: 0/60       AC: -3    Str: 15    XL:     7   Next: 80%
Magic:  10/10      EV:  2    Int: 11    God:    Lugonu [***...]
Gold:   220        SH:  3    Dex: 10    Spells: 6/6 levels left

rFire    . . .     SeeInvis .   a - +2 hand axe
rCold    . . .     Gourm    .   b - +0 buckler
rNeg     + . .     Faith    .   g - +0 chain mail
rPois    .         Spirit   .   f - +2 hat
rElec    .         Reflect  .   k - +0 cloak (curse)
rCorr    .         Harm     .   (no gloves)
MR       .....     Rnd*Tele +   p - +0 centaur barding (curse)
Stlth    ..........             (no amulet)
HPRegen  0.20/turn              d - ring of teleportation (curse)
MPRegen  0.12/turn              j - ring of positive energy

@: corroded, very quick
A: large, hooves 3, deformed body, speed 2, tough skin 3
a: Depart the Abyss, Bend Space, Banish, Renounce Religion


You were on level 5 of the Dungeon.
You worshipped Lugonu.
Lugonu was most pleased with you.
You were not hungry.

You visited 1 branch of the dungeon, and saw 5 of its levels.
You visited the Abyss 1 time.
You also visited: Sewer.

You collected 220 gold pieces.

Inventory:

Hand Weapons
 a - a +2 hand axe (weapon)
Missiles
 h - 3 silver javelins (quivered)
Armour
 b - a +0 buckler (worn)
 f - a +2 hat (worn)
 g - a +0 chain mail (worn)
 k - a cursed +0 cloak (worn)
 n - a +1 cloak
 p - a cursed +0 centaur barding (worn)
Jewellery
 d - a cursed ring of teleportation (left hand)
 j - a ring of positive energy (right hand)
 r - a cursed ring of protection from cold {unknown}
Scrolls
 i - 2 scrolls of teleportation
 m - a scroll of identify
Potions
 e - 3 potions of heal wounds
 l - 5 potions of flight
 o - 2 potions of brilliance
 q - a potion of agility {unknown}
 s - a potion of berserk rage {unknown}
Comestibles
 c - 3 rations
 t - 3 chunks of flesh


   Skills:
 + Level 4.3 Fighting
 + Level 4.8 Axes
 + Level 0.8 Throwing
 * Level 3.7 Armour
 * Level 2.3 Dodging
 + Level 0.1 Shields
 * Level 4.0 Invocations


You had 6 spell levels left.
You didn't know any spells.
Your spell library contained the following spells:

 Spells                   Type           Power        Failure   Level  Hunger
 Confusing Touch          Hex            #.....       100%        1    ##.....
 Confuse                  Hex            #.......     100%        3    ####...
 Gell's Gravitas          Tloc           #.........   100%        3    ####...
 Petrify                  Tmut/Erth      #.......     100%        4    #####..
 Metabolic Englaciation   Hex/Ice        #.........   100%        5    ######.
 Yara's Violent Unravell  Hex/Tmut       #.........   100%        5    ######.


Dungeon Overview and Level Annotations

Branches:
Dungeon (5/15)             Temple (0/1) D:4           Sewer (visited)

Altars:
Cheibriados
Elyvilon
Hepliaklqana
Makhleb
Nemelex Xobeh
Sif Muna
Xom
Yredelemnul


Innate Abilities, Weirdness & Mutations

You have hooves in place of feet.
Armour fits poorly on your strangely shaped body.
You cover ground very quickly.
You have extremely tough skin. (AC +3)


Message History

You hit the jelly. The acid corrodes you!
Your hands burn!
The jelly is heavily wounded.
The jelly hits you. The acid corrodes you!
You are splashed with acid!
You barely miss the jelly. You kick the jelly.
The jelly is heavily wounded.
The jelly hits you. The acid corrodes you!
You are splashed with acid!
The crimson imp hits you but does no damage.
You hit the jelly but do no damage.
Your hands burn!
The jelly is heavily wounded.
You closely miss the crimson imp. The jelly hits you. The acid corrodes you!
You are splashed with acid!
The crimson imp hits you.
You hit the jelly but do no damage.
Your hands burn!
* * * LOW HITPOINT WARNING * * *
The jelly is heavily wounded.
You completely miss the crimson imp. The jelly hits you.
* * * LOW HITPOINT WARNING * * *
The acid corrodes you!
You are splashed with acid!
* * * LOW HITPOINT WARNING * * *
The crimson imp hits you.
You die...

#.##.##.#
#.......# ...#
.#.# #..#'#..#
###.# ..#
#..#_#..#
#.##.#
#..###..#
###..#
#......<#
#.#.##
#.......#
#.##.##
#(..#####
#.....# #...#
#####.####@J.#
#....5...#
#...##...#
#...##...#
#.####.#.## .
##ยง.# #.# #..
.#


You could see a jelly and a crimson imp.

Vanquished Creatures
  Grinder (D:3)
  A phantom (D:4)
  3 big kobolds (Sewer)
  A scorpion (D:4)
  A bullfrog skeleton (D:4)
  A centaur skeleton (D:4)
  A hound (D:4)
  Crazy Yiuf (D:2)
  An iguana (D:4)
  2 worker ants (D:4)
  3 gnolls (D:4)
  An adder (D:4)
  4 river rats (D:4)
  An ooze (D:1)
  An adder skeleton (D:4)
  3 worms
  A dart slug (D:2)
  7 leopard geckos
  2 orcs (D:4)
  5 bats
  2 giant cockroaches
  6 hobgoblins
  7 jackals (D:1)
  15 kobolds
  A quokka (D:4)
  7 ball pythons
  5 frilled lizards
  3 goblins (D:1)
  9 rats
96 creatures vanquished.

Notes
Turn   | Place    | Note
-------+----------+-------------------------------------------
     0 | Abyss:1  | Gargoyl the Centaur Abyssal Knight began the quest for the
                  | Orb.
     0 | Abyss:1  | Reached XP level 1. HP: 19/19 MP: 2/2
    59 | Abyss:3  | Noticed a small abomination
    79 | Abyss:3  | Noticed a hell hound
    80 | Abyss:3  | Noticed a hell hound
    81 | Abyss:3  | Noticed a hell hound
    83 | D:1      | Escaped the Abyss
   149 | D:1      | Reached * piety under Lugonu
   184 | D:1      | Reached XP level 2. HP: 25/26 MP: 3/3
   282 | D:1      | Reached XP level 3. HP: 26/31 MP: 4/4
   367 | D:1      | Reached skill level 1 in Dodging
   628 | D:2      | Found a runed translucent door.
   629 | D:2      | Noticed Crazy Yiuf
   675 | D:2      | Found a shimmering altar of Xom.
   676 | D:2      | Found a shimmering altar of Xom.
   676 | D:2      | Found a shimmering altar of Xom.
   688 | D:2      | Found a shimmering altar of Xom.
   707 | D:2      | Found a shimmering altar of Xom.
   708 | D:2      | Found a shimmering altar of Xom.
   708 | D:2      | Found a shimmering altar of Xom.
   708 | D:2      | Found a shimmering altar of Xom.
   803 | D:2      | Found a snail-covered altar of Cheibriados.
  1035 | D:2      | Found a burning altar of Makhleb.
  1248 | D:2      | Found a sparkling altar of Nemelex Xobeh.
  1449 | D:2      | Killed Crazy Yiuf
  1449 | D:2      | Reached XP level 4. HP: 5/38 MP: 4/6
  1897 | D:3      | Found a white marble altar of Elyvilon.
  1969 | D:3      | Noticed Grinder
  1996 | D:3      | Paralysed by Grinder for 4 turns
  2006 | D:3      | Killed Grinder
  2006 | D:3      | Reached XP level 5. HP: 6/46 MP: 7/7
  2006 | D:3      | Reached XP level 6. HP: 6/52 MP: 8/8
  2449 | D:3      | Found a basalt altar of Yredelemnul.
  2553 | D:4      | Reached ** piety under Lugonu
  2719 | D:4      | Found a glowing drain.
  2726 | Sewer    | Entered a sewer
  3038 | Sewer    | Reached XP level 7. HP: 56/59 MP: 9/9
  3388 | D:4      | Reached *** piety under Lugonu
  3930 | D:4      | Found a staircase to the Ecumenical Temple.
  3974 | D:4      | Found a shimmering blue altar of Sif Muna.
  4021 | D:5      | Entered Level 5 of the Dungeon
  4027 | D:5      | Found a hazy altar of Hepliaklqana.
  4133 | D:5      | HP: 3/60 [acid (9)]
  4133 | D:5      | Slain by a crimson imp

Levels and vault maps discovered:
D:1:      lemuel_arrival_broad_hall, layout_rooms, minmay_misc_feat_x
D:2:      layout_basic, xom_redecorated, nicolae_overflow_hidden_temple,
          kennysheep_slug_shrine, nemelex_altar_shiori, minmay_cut_off,
          uniq_crazy_yiuf_cottage
D:3:      layout_basic, kennysheep_ying_yang, first_ration,
          minmay_misc_feat_plants, uniq_grinder
D:4:      layout_cave_pools, marbit_many_paths,
          minmay_temple_entry_glassed_door, lightli_sewer_entry_pipes
D:5:      layout_basic, kennysheep_mini, uniq_menkaure

Skill      XL: |  1  2  3  4  5  6  7 |
---------------+----------------------+-----
Axes           | 2 3 4 |  4.8
Dodging        | 1 2 |  2.3
Armour         | 2 3 |  3.7
Invocations    | 3 4 |  4.0
Fighting       | 4 |  4.3
Throwing       | |  0.8
Shields        | |  0.1

Action                   |  1- 3 |  4- 6 |  7- 9 || total
-------------------------+-------+-------+-------++-------
Melee: Hand axe          |   108 |    93 |    81 ||   282
       Kick              |    19 |    22 |    16 ||    57
Throw: Javelin           |     5 |     4 |     5 ||    14
Invok: Depart the Abyss  |     1 |       |       ||     1
  Use: Scroll            |     4 |     8 |     1 ||    13
       Potion            |       |     4 |     3 ||     7
  Eat: Chunk             |       |     1 |     4 ||     5
       Ration            |       |     1 |       ||     1
Armor: Chain mail        |    72 |    87 |    68 ||   227
       Leather armour    |     1 |       |       ||     1
Dodge: Dodged            |    19 |    14 |    19 ||    52
Block: Buckler           |       |     5 |     7 ||    12

Table legend:
 A = Non-vault XP
 B = Vault XP
 C = Vault XP percentage of total XP
 D = Non-vault monster count
 E = Vault monster count
 F = Vault count percentage of total count
                 A         B        C        D         E       F
            +---------+---------+-------+---------+---------+-------
      Total |     575 |     718 |  55.5 |      57 |      39 |  40.6
            +---------+---------+-------+---------+---------+-------
        D:1 |      55 |       0 |   0.0 |      29 |       0 |   0.0
        D:2 |       8 |      55 |  87.3 |       5 |       5 |  50.0
        D:3 |       8 |     281 |  97.2 |       4 |       1 |  20.0
        D:4 |     497 |      64 |  11.4 |      17 |       9 |  34.6
        D:5 |       7 |       0 |   0.0 |       2 |       0 |   0.0
      Sewer |       0 |     318 | 100.0 |       0 |      24 | 100.0
            +---------+---------+-------+---------+---------+-------
